 Dungeon Crawl Stone Soup version 0.28.0-53-g5a82cb258f (webtiles) character file.

Game seed: 16465813917146372611

1194 melloss the Vexing (level 8, -5/60 HPs)
             Began as a Gnoll Arcane Marksman on June 1, 2022.
             Was an Initiate of Vehumet.
             Slain by an orc warrior
             ... wielding a +0 flail
              (13 damage)
             ... on level 6 of the Dungeon.
             The game lasted 00:18:16 (5003 turns).

melloss the Vexing (Gnoll Arcane Marksman)          Turns: 5003, Time: 00:18:19

Health: -5/60      AC: 13    Str: 12    XL:     8   Next: 44%
Magic:  14/14      EV: 12    Int: 12    God:    Vehumet [......]
Gold:   239        SH:  5    Dex: 13    Spells: 14/15 levels left

rFire   . . .      SeeInvis .   b - +2 mace (holy)
rCold   . . .      Faith    .   (no shield)
rNeg    . . .      Spirit   .   p - +4 ring mail of the Dungeon {rPois Regen+ Slay+2}
rPois   +          Reflect  +   t - +1 helmet
rElec   .          Harm     .   x - +0 cloak
rCorr   .          Rampage  .   (no gloves)
Will    .....                   (no boots)
Stlth   ++........              g - amulet of reflection
HPRegen 1.00/turn               (no ring)
MPRegen 0.14/turn               (no ring)

@: no status effects
A: fangs 1, strong nose, distributed training
a: Renounce Religion


You were on level 6 of the Dungeon.
You worshipped Vehumet.
Vehumet was noncommittal.
You visited 1 branch of the dungeon, and saw 6 of its levels.

You collected 239 gold pieces.

Inventory:

Hand Weapons
 a - a +0 rapier of draining
 b - a +2 mace of holy wrath (weapon)
 f - a +0 short sword
 k - a +0 mace
 u - a +0 spear
 E - a +0 shortbow
Missiles
 c - 57 arrows
 o - 15 poisoned darts (quivered)
Armour
 d - a +0 robe
 p - the +4 ring mail of the Dungeon (worn) {rPois Regen+ Slay+2}
   (You found it on level 2 of the Dungeon)

   Slay:      It affects your accuracy & damage with ranged weapons and melee
   (+2).
   rPois:     It protects you from poison.
   Regen:     It increases your rate of health regeneration.
 t - a +1 helmet (worn)
 x - a +0 cloak (worn)
Jewellery
 g - an amulet of reflection (around neck)
Wands
 w - a wand of paralysis (6)
 z - a wand of iceblast (7)
 K - a wand of flame (22)
Scrolls
 e - a scroll of brand weapon {unknown}
 h - a scroll of fear {unknown}
 i - a scroll of teleportation {unknown}
 n - 2 scrolls of vulnerability {unknown}
 q - 5 scrolls of enchant armour {unknown}
 r - a scroll of blinking {unknown}
 s - a scroll of torment {unknown}
 v - a scroll of identify {unknown}
 y - 2 scrolls of amnesia {unknown}
 F - a scroll of noise {unknown}
 G - 2 scrolls of immolation {unknown}
 I - a scroll of enchant weapon {unknown}
 L - a scroll of silence {unknown}
Potions
 j - 5 potions of curing {unknown}
 l - 2 potions of haste
 m - a potion of heal wounds {unknown}
 A - a potion of magic {unknown}
 B - a potion of lignification {unknown}
 C - 2 potions of flight {unknown}
 D - 2 potions of brilliance {unknown}
 H - a potion of berserk rage {unknown}
 J - a potion of degeneration {unknown}
 M - a potion of cancellation {unknown}
 N - a potion of resistance {unknown}


   Skills:
 + Level 4.2 Fighting
 + Level 3.2 Short Blades
 + Level 3.2 Long Blades
 + Level 3.2 Axes
 + Level 3.2 Maces & Flails
 + Level 3.2 Polearms
 + Level 3.2 Staves
 + Level 3.2 Slings
 + Level 5.7 Bows
 + Level 3.2 Crossbows
 + Level 3.2 Throwing
 + Level 3.2 Armour
 + Level 5.7 Dodging
 + Level 3.2 Stealth
 + Level 3.2 Shields
 + Level 3.2 Unarmed Combat
 + Level 4.3 Spellcasting
 + Level 2.6 Conjurations
 + Level 6.1 Hexes
 + Level 2.6 Summonings
 + Level 2.6 Necromancy
 + Level 2.6 Translocations
 + Level 2.6 Transmutations
 + Level 2.6 Fire Magic
 + Level 2.6 Ice Magic
 + Level 2.6 Air Magic
 + Level 2.6 Earth Magic
 + Level 2.6 Poison Magic
 + Level 3.6 Invocations
 + Level 3.2 Evocations


You had 14 spell levels left.
You knew the following spells:

 Your Spells              Type           Power      Damage    Failure   Level
a - Slow                  Hex            68%        N/A       3%          1

Your spell library contained the following spells:

 Spells                   Type           Power      Damage    Failure   Level
 Pain                     Necr           36%        1d5       16%         1
 Inner Flame              Hex/Fire       13%        N/A       22%         3
 Portal Projectile        Hex/Tloc       26%        N/A       22%         3
 Summon Guardian Golem    Hex/Summ       13%        N/A       22%         3
 Cause Fear               Hex            8%         N/A       36%         4
 Agony                    Necr           9%         N/A       99%         5
 Excruciating Wounds      Necr           4%         N/A       99%         5
 Orb of Destruction       Conj           4%         9d5       100%        7
 Spellforged Servitor     Conj/Summ      4%         N/A       100%        7


Dungeon Overview and Level Annotations

Branches:
Dungeon (6/15)
 Temple: D:4-7

Altars:
Dithmenos
Hepliaklqana
Vehumet

Shops:
D:3 [

Annotations:
D:5 2 transporters, Joey1's ghost, novice MiFi


Innate Abilities, Weirdness & Mutations

You have very sharp teeth.
Your uncanny sense of smell can sniff out nearby items.
Your experience applies equally to all skills.


Message History

Vehumet accepts your kill.
The orc warrior hits you with a +0 flail!
Something hits you but does no damage. The orc barely misses you.
You bump into the rock wall.
The orc warrior closely misses you. Something hits you.
The orc closely misses you.
You closely miss something.
The orc warrior hits you with a +0 flail.
Something hits you but does no damage. The orc barely misses you.
The orc warrior hits you but does no damage.
You closely miss the orc warrior.
You feel less confused. Something hits you but does no damage.
You block the orc's attack.
The orc warrior hits you but does no damage.
Something hits you. The orc barely misses you.
You thump something! Vehumet accepts your kill.
Reactivating autopickup.
You feel a bit more experienced.
The orc warrior hits you with a +0 flail!
* * * LOW HITPOINT WARNING * * *
The orc hits you with a +0 mace.
* * * LOW HITPOINT WARNING * * *
You hit the bullfrog skeleton.
The bullfrog skeleton convulses.
The bullfrog skeleton is almost destroyed.
The bullfrog skeleton hits you but does no damage.
The orc warrior hits you with a +0 flail.
* * * LOW HITPOINT WARNING * * *
The orc barely misses you. The bullfrog skeleton misses you.
You sock the bullfrog skeleton!
You destroy the bullfrog skeleton!
Vehumet accepts your kill. You block the orc warrior's attack.
The orc hits you with a +0 mace.
* * * LOW HITPOINT WARNING * * *
You hit the orc.
You kill the orc!
Vehumet accepts your kill.
The orc warrior hits you with a +0 flail!
* * * LOW HITPOINT WARNING * * *
The orc warrior hits you with a +0 flail!
You die...

## .. .o #############
#### .#
...........#.##)@##..####
...........#...)o)......>
...........+.............
...........###..###..##..
.........#####..######
.........'..#........#
.........#..#........#
(........#..#........#
.........#..#........#


You could see an orc warrior.

Vanquished Creatures
  Eustachio (D:4)
  An ice beast (D:5)
  A necrophage (D:6)
  An ogre (D:5)
  A phantom (D:5)
  A scorpion (D:4)
  A jelly (D:4)
  3 hounds
  An orc priest (D:3)
  3 bullfrog skeletons
  5 iguanas
  2 orc wizards (D:6)
  A mummy (D:6)
  A howler monkey skeleton (D:5)
  13 adders
  An adder skeleton (D:4)
  2 worms
  A dart slug (D:2)
  12 orcs
  4 ball pythons
  2 bats
  7 endoplasms
  4 giant cockroaches
  3 goblins
  4 hobgoblins
  8 jackals
  3 quokkas
  5 frilled lizards
  7 kobolds
  2 kobold zombies (D:6)
  2 orc zombies (D:6)
  8 rats
111 creatures vanquished.

Notes
Turn   | Place    | Note
-------+----------+-------------------------------------------
     0 | D:1      | melloss the Gnoll Arcane Marksman began the quest for the
                  | Orb.
     0 | D:1      | Reached XP level 1. HP: 17/17 MP: 4/4
   183 | D:1      | Reached XP level 2. HP: 8/23 MP: 5/5
  1661 | D:2      | Reached XP level 3. HP: 9/28 MP: 7/7
  2132 | D:2      | Reached skill level 1 in Invocations
  2177 | D:2      | Identified the +4 ring mail of the Dungeon {rPois Regen+
                  | Slay+2}
  2195 | D:2      | Reached skill level 1 in Short Blades
  2195 | D:2      | Reached skill level 1 in Long Blades
  2195 | D:2      | Reached skill level 1 in Axes
  2195 | D:2      | Reached skill level 1 in Maces & Flails
  2195 | D:2      | Reached skill level 1 in Polearms
  2195 | D:2      | Reached skill level 1 in Staves
  2195 | D:2      | Reached skill level 1 in Slings
  2195 | D:2      | Reached skill level 1 in Crossbows
  2195 | D:2      | Reached skill level 1 in Throwing
  2195 | D:2      | Reached skill level 1 in Armour
  2195 | D:2      | Reached skill level 1 in Stealth
  2195 | D:2      | Reached skill level 1 in Shields
  2195 | D:2      | Reached skill level 1 in Unarmed Combat
  2195 | D:2      | Reached skill level 1 in Evocations
  2383 | D:2      | Reached XP level 4. HP: 34/34 MP: 8/8
  2442 | D:3      | Reached skill level 1 in Conjurations
  2442 | D:3      | Reached skill level 1 in Summonings
  2442 | D:3      | Reached skill level 1 in Necromancy
  2442 | D:3      | Reached skill level 1 in Translocations
  2442 | D:3      | Reached skill level 1 in Transmutations
  2442 | D:3      | Reached skill level 1 in Fire Magic
  2442 | D:3      | Reached skill level 1 in Ice Magic
  2442 | D:3      | Reached skill level 1 in Air Magic
  2442 | D:3      | Reached skill level 1 in Earth Magic
  2442 | D:3      | Reached skill level 1 in Poison Magic
  2544 | D:3      | Found Zeizefe's Armour Boutique.
  2642 | D:2      | Reached XP level 5. HP: 40/40 MP: 9/9
  2757 | D:3      | Found a faded altar of an unknown god.
  2758 | D:3      | Noticed a floating eye
  3030 | D:3      | Noticed an eye of devastation
  3036 | D:3      | Noticed a floating eye
  3045 | D:3      | Noticed a great orb of eyes
  3384 | D:4      | Reached XP level 6. HP: 38/47 MP: 10/10
  3430 | D:4      | Noticed Eustachio
  3525 | D:4      | Killed Eustachio
  3526 | D:4      | Reached skill level 5 in Bows
  3526 | D:4      | Reached skill level 5 in Dodging
  3573 | D:4      | Reached XP level 7. HP: 42/52 MP: 12/12
  3991 | D:5      | Entered Level 5 of the Dungeon
  4115 | D:5      | Found a transporter.
  4151 | D:5      | Noticed Joey1's ghost (novice MiFi)
  4227 | D:5      | Found a radiant altar of Vehumet.
  4227 | D:5      | Found a hazy altar of Hepliaklqana.
  4252 | D:5      | Became a worshipper of Vehumet
  4295 | D:5      | Found a transporter.
  4318 | D:5      | Reached skill level 6 in Hexes
  4318 | D:5      | Reached XP level 8. HP: 60/60 MP: 14/14
  4942 | D:6      | Found a shadowy altar of Dithmenos.
  5003 | D:6      | Slain by an orc warrior

Illustrated notes

Levels and vault maps discovered:
D:1:      shiori_arrival_elements, layout_loops_ring
D:2:      layout_basic, grunt_ministairs_14
D:3:      layout_rooms, hellmonk_ecumenical_altar_watching_god, serial_shops,
          shop
D:4:      layout_loops_ring, kennysheep_doodads, uniq_eustachio
D:5:      layout_rooms, amethyst_overflow_temple_binary, gammafunk_ghost_arena
D:6:      layout_gridville, grunt_dithmenos_smoke, enter_ossuary_3,
          minmay_mini_ossuary

Skill      XL: |  1  2  3  4  5  6  7  8 |
---------------+-------------------------+-----
Invocations    | 1 2 3 |  3.6
Short Blades   | 1 2 3 |  3.2
Long Blades    | 1 2 3 |  3.2
Axes           | 1 2 3 |  3.2
Maces & Flails | 1 2 3 |  3.2
Polearms       | 1 2 3 |  3.2
Staves         | 1 2 3 |  3.2
Slings         | 1 2 3 |  3.2
Crossbows      | 1 2 3 |  3.2
Throwing       | 1 2 3 |  3.2
Armour         | 1 2 3 |  3.2
Stealth        | 1 2 3 |  3.2
Shields        | 1 2 3 |  3.2
Unarmed Combat | 1 2 3 |  3.2
Evocations     | 1 2 3 |  3.2
Spellcasting   | 3 4 |  4.3
Conjurations   | 1 2 |  2.6
Summonings     | 1 2 |  2.6
Necromancy     | 1 2 |  2.6
Translocations | 1 2 |  2.6
Transmutations | 1 2 |  2.6
Fire Magic     | 1 2 |  2.6
Ice Magic      | 1 2 |  2.6
Air Magic      | 1 2 |  2.6
Earth Magic    | 1 2 |  2.6
Poison Magic   | 1 2 |  2.6
Fighting       | 3 4 |  4.2
Bows           | 5 |  5.7
Dodging        | 5 |  5.7
Hexes          | 6 |  6.1

Action                   |  1- 3 |  4- 6 |  7- 9 || total
-------------------------+-------+-------+-------++-------
Melee: Short sword       |   154 |   262 |       ||   416
       Bite              |    17 |    33 |    16 ||    66
       Mace              |    13 |       |    94 ||   107
       Punch             |     7 |     4 |     1 ||    12
       Rapier            |       |     5 |    60 ||    65
  Use: Potion            |     1 |       |       ||     1
Armor: Robe              |    25 |       |       ||    25
       Ring mail         |     2 |   136 |    73 ||   211
Dodge: Dodged            |   128 |   197 |   100 ||   425
Block: Other             |    30 |    78 |    33 ||   141
       Reflection        |       |     1 |       ||     1
